Map: Paladino Terminal LE

Players

Snute

  • Race: Zerg Zerg
  • Spawn Location: 9:00

herO - Winner!

  • Race: Protoss Protoss
  • Spawn Location: 5:00

Event: IEM XI Katowice - World Championship 2017

VOD

Have the link to the VOD?

Description

Time

  • Played on: March 1, 2017, 8:07 p.m.
  • Length: 6:51

All games in this series

Show
View Real Time Build Order
Export as new Build Order

Snute Zerg 

Build Orders: Hatch First 

Get SALT Encoding   

  12  0:00  Drone  
  13  0:12  Overlord  
  13  0:18  Drone  
  14  0:30  Drone x2  
  14  0:34  Drone  
  17  0:51  Drone  
  17  0:56  Drone  
  19  1:01  Hatchery  
  18  1:05  Extractor  
  17  1:15  Spawning Pool  
  16  1:18  Drone  
  16  1:22  Drone  
  18  1:28  Drone  
  19  1:38  Overlord  
  19  1:49  Drone  
  20  2:00  Drone  
  21  2:01  Queen  
  21  2:05  Metabolic Boost  
  23  2:11  Drone  
  23  2:13  Queen  
  26  2:17  Drone  
  26  2:22  Drone  
  28  2:28  Zergling x2  
  29  2:32  Zergling x2  
  30  2:37  Queen  
  30  2:40  Overlord  
  32  2:46  Drone  
  32  2:50  Drone  
  34  2:56  Drone x2  
  36  3:12  Hatchery  
  34  3:16  Roach Warren, Drone x2  
  34  3:19  Zergling x2  
  36  3:21  Drone  
  36  3:23  Drone  
  36  3:26  Drone  
  39  3:30  Overlord  
  39  3:32  Drone  
  40  3:35  Drone  
  41  3:42  Overlord  
  41  3:57  Roach x5  
  41  4:02  Roach x2  
  55  4:04  Roach  
  55  4:06  Overlord  
  55  4:08  Drone  
  58  4:11  Drone  
  59  4:17  Overlord  
  59  4:18  Drone  
  60  4:26  Zergling x6  
  60  4:27  Zergling x4  
  66  4:31  Zergling x4  
  66  4:36  Drone  
  68  4:42  Drone  
  68  4:43  Drone  
  69  4:45  Drone  
  69  4:47  Overlord  
  69  4:48  Drone  
  71  4:56  Drone  
  72  5:01  Extractor, Roach x2  
  72  5:06  Overlord  
  75  5:07  Roach x3  
  75  5:08  Zergling x4  
  75  5:10  Overlord  
  75  5:11  Roach  
  85  5:18  Overlord  
  85  5:20  Roach  
  87  5:24  Spine Crawler  
  87  5:25  Spine Crawler  
  87  5:28  Zergling x8  
  87  5:31  Queen  
  87  5:33  Zergling x2  
  87  5:34  Zergling x2  
  85  5:46  Zergling x2  
  85  5:47  Zergling x10  
  62  6:00  Zergling x6  
  60  6:05  Zergling x2  
  61  6:14  Ravager  
  61  6:15  Ravager  
  60  6:19  Spore Crawler  
  55  6:27  Drone  
  55  6:28  Drone  
  48  6:36  Spore Crawler  
Show
View Real Time Build Order
Export as new Build Order

herO Protoss - Winner!

Build Orders: 1 Gate Expand 

Get SALT Encoding   

  12  0:00  Probe (Chrono Boost)  
  13  0:11  Probe (Chrono Boost)  
  14  0:18  Pylon  
  14  0:22  Probe (Chrono Boost)  
  15  0:36  Probe (Chrono Boost)  
  15  0:40  Gateway  
  16  0:47  Probe (Chrono Boost)  
  16  0:49  Assimilator  
  17  0:57  Probe (Chrono Boost)  
  18  1:08  Probe (Chrono Boost)  
  19  1:18  Probe (Chrono Boost)  
  20  1:28  Nexus  
  20  1:38  Cybernetics Core  
  20  1:41  Probe (Chrono Boost)  
  20  1:46  Assimilator  
  21  1:51  Probe (Chrono Boost)  
  22  1:57  Pylon  
  22  2:02  Probe (Chrono Boost)  
  23  2:12  Warp Gate, Adept  
  26  2:17  Probe (Chrono Boost)  
  26  2:27  Twilight Council  
  26  2:29  Probe (Chrono Boost)  
  27  2:39  Adept  
  27  2:40  Probe (Chrono Boost)  
  27  2:41  Probe (Chrono Boost)  
  31  2:50  Probe (Chrono Boost)  
  31  2:51  Resonating Glaives, Probe (Chrono Boost)  
  33  3:02  Probe x2 (Chrono Boost)  
  37  3:12  Probe (Chrono Boost)  
  37  3:13  Gateway  
  37  3:14  Probe (Chrono Boost)  
  37  3:19  Gateway  
  37  3:24  Adept  
  37  3:27  Probe (Chrono Boost)  
  40  3:30  Probe (Chrono Boost)  
  41  3:37  Robotics Facility  
  41  3:39  Probe (Chrono Boost)  
  42  3:45  Pylon, Probe (Chrono Boost)  
  43  3:52  Probe (Chrono Boost)  
  44  4:09  Gateway  
  44  4:10  Gateway  
  44  4:15  Adept x3  
  50  4:21  Gateway x2, Warp Prism  
  52  4:32  Gateway  
  52  4:34  Pylon  
  52  4:38  Pylon  
  52  4:49  Pylon  
  52  4:52  Dark Shrine  
  52  4:54  Adept x2  
  52  4:55  Adept  
  52  4:58  Observer  
  58  5:04  Pylon  
  59  5:14  Adept x2  
  59  5:15  Adept x2  
  59  5:16  Adept  
  69  5:42  Adept x8  
  85  5:49  Pylon  
  73  6:04  Probe x2 (Chrono Boost)  
  73  6:06  Assimilator  
  73  6:09  Dark Templar  
  73  6:10  Dark Templar  
  75  6:15  Assimilator  
  75  6:16  Probe (Chrono Boost)  
  75  6:17  Probe (Chrono Boost)  
  75  6:28  Probe (Chrono Boost)  
  75  6:29  Probe (Chrono Boost)  

Tags
 
Add a new tag
Caveats
  • Supply blocks, unpowered buildings, or Contaminate may cause inaccurate times.
  • Supply counts are checked every 10 seconds.